 Dungeon Crawl Stone Soup version 0.26-a0-597-gb535b0901c (webtiles) character file.

Game seed: 14531967752483840652

7 ANON1729 the Sneak (level 1, -4/18 HPs)
             Began as a Demonspawn Delver on Aug 25, 2020.
             Slain by an orc priest
             ... wielding a +2 flail of protection
              (10 damage)
             ... on level 2 of the Dungeon.
             The game lasted 00:01:04 (509 turns).

ANON1729 the Sneak (Demonspawn Delver)               Turns: 509, Time: 00:01:04

Health: -4/18      AC:  3    Str: 12    XL:     1   Next: 91%
Magic:  1/1        EV: 12    Int: 11    God:
Gold:   14         SH:  0    Dex: 14    Spells: 0/0 levels left

rFire    . . .     SeeInvis .   a - +0 falchion
rCold    . . .     Faith    .   (no shield)
rNeg     . . .     Spirit   .   b - +0 leather armour
rPois    .         Reflect  .   (no helmet)
rElec    .         Harm     .   (no cloak)
rCorr    .                      (no gloves)
MR       .....                  (no boots)
Stlth    +++.......             (no amulet)
HPRegen  0.06/turn              (no ring)
MPRegen  0.07/turn              (no ring)

@: no status effects
A: no striking features
a: no special abilities


You were on level 2 of the Dungeon.
You visited 1 branch of the dungeon, and saw 4 of its levels.

You collected 14 gold pieces.

Inventory:

Hand Weapons
 a - a +0 falchion (weapon)
Armour
 b - a +0 leather armour (worn)
Wands
 g - a wand of digging (3)
Scrolls
 c - a scroll of fog
 d - a scroll of magic mapping
 e - a scroll of fear
Potions
 f - a potion of haste


   Skills:
 + Level 3.1 Fighting
 + Level 2.0 Long Blades
 + Level 2.0 Dodging
 + Level 4.6 Stealth


You couldn't memorise any spells.
You didn't know any spells.
Your spell library was empty.

Dungeon Overview and Level Annotations

Branches:
Dungeon (5/15)
 Temple: D:4-7

Altars:


Message History

A giant cockroach, 2 orcs and an orc priest come into view.
The orc priest is wielding a +2 flail of protection.
Found an embroidered hat.
There is a stone staircase leading down here.
Unknown command.
The helpless orc priest fails to defend itself.
You hit the orc priest.
The orc priest is moderately wounded.
The orc shouts!
The orc priest hits you with a +2 flail of protection!
Ouch! That really hurt!
The orc throws a boomerang.
The boomerang closely misses you.
The weapon returns to the orc!
You hit the orc priest but do no damage.
The orc priest is moderately wounded.
The orc throws a boomerang.
The boomerang barely misses you.
The weapon returns to the orc!
The orc priest hits you with a +2 flail of protection!
Ouch! That really hurt!
You die...

# #.#####
#......##
#.......##
....o....#
......os.#
.......@.#
........o#
.........#
........##
.........
.........
........[
.........#


You could see an orc priest, 2 orcs and a giant cockroach.

Vanquished Creatures
  2 dart slugs (D:3)
  A quokka (D:5)
  A frilled lizard (D:4)
4 creatures vanquished.

Notes
Turn   | Place    | Note
-------+----------+-------------------------------------------
     0 | D:5      | ANON1729 the Demonspawn Delver began the quest for the Orb.
     0 | D:5      | Reached XP level 1. HP: 18/18 MP: 1/1
    13 | D:5      | Noticed a worker ant
    18 | D:5      | Noticed an ogre
   348 | D:4      | Noticed a scorpion
   494 | D:3      | Noticed an ogre
   507 | D:2      | Noticed an orc priest
   509 | D:2      | Slain by an orc priest

Illustrated notes

Levels and vault maps discovered:
D:2:      layout_rooms, uniq_crazy_yiuf_cottage, uniq_terence, uniq_robin
D:3:      layout_basic, minmay_lizard_king
D:4:      layout_cave_pods, lemuel_crystal_altar, minmay_misc_feat_roman,
          lemuel_tele_altar, uniq_menkaure
D:5:      kennysheep_spiral_hall, layout_loops_ring,
          minmay_temple_entry_overgrown, uniq_blork_the_orc, uniq_ijyb

Skill      XL: |  1 |
---------------+----+-----
Long Blades    | 2 |  2.0
Dodging        | 2 |  2.0
Fighting       | |  3.1
Stealth        | |  4.6

Action                   || total
-------------------------++-------
Melee: Falchion          ||    13
  Use: Scroll            ||     1
 Stab: Sleeping          ||     1
Armor: Leather armour    ||     1
Dodge: Dodged            ||     5
       Rpst.: Falchion   ||     1

Table legend: (Time is in decaauts)
 A = Elapsed time spent in this place.
 B = Non-inter-level travel time spent in this place.
 C = Inter-level travel time spent in this place.
 D = Time resting spent in this place.
 E = Time spent auto-exploring this place.
 F = Levels seen in this place.
 G = Mean time per level.
                   A        B        C        D        E       F      G
               +--------+--------+--------+--------+--------+-----+--------+
         Total |    510 |    492 |     18 |    295 |    105 |   4 |  127.5 |
       Dungeon |    510 |    492 |     18 |    295 |    105 |   4 |  127.5 |
               +--------+--------+--------+--------+--------+-----+--------+

Top non-repeatable levels by time:
     D:4: 304 daAuts
     D:3: 130 daAuts
     D:5: 74 daAuts
     D:2: 2 daAuts
